[Event "Titled Tuesday Blitz June 21 Late 2022"]
[White "Tanenbaum, Zachary"]
[Black "Adewumi, Tanitoluwa"]
[WhiteFideId "2060850"]
[BlackFideId "30966396"]
[WhiteElo "2175"]
[BlackElo "2537"]
[Result "0-1"]
[Round "06"]
[TimeControl "180+1"]
[Date "2022.06.21"]
[WhiteClock "0:00:02"]
[BlackClock "0:00:11"]

1. e4 c5 2. Nf3 e6 3. d4 cxd4 4. Nxd4 Nc6 5. Nc3 Qc7 6. g3 a6 7. Bg2 d6 8. O-O Be7 9. Re1 Bd7 10. Nxc6 bxc6 11. Qg4 e5 12. Qe2 Nf6 13. Be3 O-O 14. Rad1 Be6 15. h3 Rfd8 16. f4 d5 17. fxe5 Nxe4 18. Nxe4 dxe4 19. Bf4 Qb6+ 20. Kh2 Qxb2 21. Bxe4 Qc3 22. Qh5 g6 23. Qf3 Qxf3 24. Bxf3 Bxa2 25. Bxc6 Rxd1 26. Rxd1 Rc8 27. Be4 Be6 28. Ra1 Bc4 29. Bb7 Rb8 30. Be4 Rb2 31. Kg1 Bc5+ 32. Kg2 Bb3 33. Rxa6 Bxc2 34. Bxc2 Rxc2+ 35. Kf3 Kg7 36. Rc6 Rf2+ 37. Ke4 Be7 38. Rc7 Kf8 0-1


[Site "https://www.chess.com"]

[Event "Titled Tuesday Blitz June 21 Late 2022"]
[White "Terry, Renato"]
[Black "Gorodetzky, David"]
[WhiteFideId "3803457"]
[BlackFideId "2813416"]
[WhiteElo "2577"]
[BlackElo "2494"]
[Result "1-0"]
[Round "06"]
[TimeControl "180+1"]
[Date "2022.06.21"]
[WhiteClock "0:00:04"]
[BlackClock "0:00:04"]

1. d4 Nf6 2. Bg5 c5 3. d5 Qb6 4. Bxf6 gxf6 5. Qc1 d6 6. e3 Nd7 7. c4 f5 8. Nc3 Bg7 9. Nh3 Nf6 10. f3 e5 11. Qc2 f4 12. e4 Bxh3 13. gxh3 Rg8 14. O-O-O a6 15. Kb1 Ke7 16. h4 Nd7 17. Bh3 Bf6 18. h5 Rg5 19. Bg4 Rag8 20. h4 R5g7 21. h6 Rg6 22. h5 Rg5 23. Bf5 Qb4 24. a3 Qa5 25. Qb3 Rb8 26. Bxh7 b5 27. cxb5 axb5 28. Bf5 b4 29. Bxd7 Rg2 30. Nb5 bxa3 31. Qxa3 Qxa3 32. bxa3 Kxd7 33. a4 Ra8 34. Nc3 Rb8+ 35. Nb5 Rg3 36. Rd3 Ra8 37. Ra3 Bd8 38. h7 Ba5 39. Rb3 Rh8 40. Na3 Bb4 41. Nc2 Rxh7 42. Nxb4 cxb4 43. a5 Ke7 44. a6 Rg8 45. Rxb4 Ra8 46. Rb7+ Kf6 47. a7 Kg5 48. h6 Kg6 49. Kb2 Rhh8 50. h7 Kg7 51. Kb3 Kf6 52. Kb4 Rac8 53. Kb5 Rc2 54. Ra1 Rb2+ 55. Ka6 Rc2 56. Rb8 Rxh7 57. a8=Q Rc5 58. Rb6 Kg6 59. Qg8+ Rg7 60. Rxd6+ f6 61. Qe8+ Kh7 62. Rh1# 1-0


[Site "https://www.chess.com"]

[Event "Titled Tuesday Blitz June 21 Late 2022"]
[White "Thiel, Thomas"]
[Black "Winkels, Marcel"]
[WhiteFideId "4615964"]
[BlackFideId "1003887"]
[WhiteElo "2213"]
[BlackElo "1900"]
[Result "1-0"]
[Round "06"]
[TimeControl "180+1"]
[Date "2022.06.22"]
[WhiteClock "0:00:51"]
[BlackClock "0:00:32"]

1. e4 c5 2. Nc3 d6 3. f4 Nc6 4. Nf3 g6 5. Bc4 Bg7 6. O-O e6 7. f5 gxf5 8. Qe1 Nge7 9. d3 O-O 10. Qh4 Ng6 11. Qh5 f4 12. Ne2 Nce5 13. Nxf4 Nxc4 14. dxc4 Nxf4 15. Bxf4 e5 16. Be3 Be6 17. Ng5 h6 18. Nxe6 fxe6 19. Bxh6 Qe7 20. Qg6 Rae8 21. Rxf8+ Qxf8 22. Rf1 Qe7 23. Bg5 Qd7 24. Bf6 Rf8 25. Bxg7 Rxf1+ 26. Kxf1 Qxg7 27. Qxg7+ Kxg7 28. Kf2 Kf6 29. g4 Kg5 30. Kg3 a6 31. h4+ Kg6 32. a4 b6 33. b3 a5 34. g5 Kh5 35. Kf3 Kg6 36. Kg4 Kg7 37. h5 Kh7 38. g6+ Kg7 39. Kg5 Kg8 40. h6 1-0


[Site "https://www.chess.com"]

[Event "Titled Tuesday Blitz June 21 Late 2022"]
[White "Titichoca Daza, Daniel"]
[Black "Lobanov, Sergei"]
[WhiteFideId "3309550"]
[BlackFideId "24183750"]
[WhiteElo "1912"]
[BlackElo "2524"]
[Result "1/2-1/2"]
[Round "06"]
[TimeControl "180+1"]
[Date "2022.06.21"]
[WhiteClock "0:00:56"]
[BlackClock "0:00:15"]

1. e4 e5 2. Nc3 Nc6 3. Bc4 Nf6 4. d3 Na5 5. Nge2 Bc5 6. O-O Nxc4 7. dxc4 a5 8. b3 d6 9. Kh1 O-O 10. Bg5 h6 11. Bh4 g5 12. Bg3 Nh5 13. f3 Be6 14. Bf2 Nf4 15. Bxc5 dxc5 16. Ng3 Qxd1 17. Rfxd1 Rad8 18. Kg1 c6 19. Kf2 Rd4 20. Nge2 Nxe2 21. Nxe2 Rdd8 22. Nc3 Rb8 23. Rd6 Rfc8 24. Rad1 Kf8 25. Na4 b6 26. Ke3 Ke7 27. g3 h5 28. h4 gxh4 29. gxh4 Rc7 30. f4 exf4+ 31. Kxf4 Bg4 32. R1d2 Be6 33. Ke3 Rd7 34. e5 Bg4 35. Kf4 Rxd6 36. Rxd6 Bd7 1/2-1/2


[Site "https://www.chess.com"]

[Event "Titled Tuesday Blitz June 21 Late 2022"]
[White "Tologon tegin, Semetei"]
[Black "Romero Ruscalleda, Josep"]
[WhiteFideId "13800574"]
[BlackFideId "2231859"]
[WhiteElo "2174"]
[BlackElo "2385"]
[Result "1-0"]
[Round "06"]
[TimeControl "180+1"]
[Date "2022.06.22"]
[WhiteClock "0:01:01"]
[BlackClock "0:01:01"]

1. e4 g6 2. d4 Bg7 3. Nc3 d6 4. Nf3 a6 5. a4 Nc6 6. h3 e5 7. Be3 exd4 8. Nxd4 Nge7 9. Bc4 O-O 10. O-O Nxd4 11. Bxd4 Be6 12. Bxe6 fxe6 13. Bxg7 Kxg7 14. f4 Nc6 15. Ne2 Qf6 16. c3 Rae8 17. Qd3 Qh4 18. Rf3 Rf7 19. Raf1 Ref8 20. Qc4 Nd8 21. a5 c6 22. Qd4+ Kg8 23. Qxd6 Qh5 24. b4 g5 25. Ng3 Qh4 26. f5 exf5 27. Nxf5 Rxf5 28. Rxf5 Nf7 29. Qe6 Qh5 30. g4 Qxh3 31. Rxg5+ Kh8 32. Qf6# 1-0


[Site "https://www.chess.com"]

[Event "Titled Tuesday Blitz June 21 Late 2022"]
[White "Toncheva, Nadya"]
[Black "Vifleemskaia, Svetlana"]
[WhiteFideId "2924056"]
[BlackFideId "4129490"]
[WhiteElo "1888"]
[BlackElo "1929"]
[Result "1/2-1/2"]
[Round "06"]
[TimeControl "180+1"]
[Date "2022.06.22"]
[WhiteClock "0:00:02"]
[BlackClock "0:00:06"]

1. e4 e5 2. Nf3 Nc6 3. Bc4 Nf6 4. d3 Be7 5. O-O O-O 6. c3 d5 7. exd5 Nxd5 8. h3 Nb6 9. Bb5 Bd6 10. Re1 f6 11. Bxc6 bxc6 12. d4 exd4 13. Nxd4 Bd7 14. Qf3 c5 15. Nf5 Bxf5 16. Qxf5 Qc8 17. Qf3 Kh8 18. Be3 Nc4 19. b3 Ne5 20. Qd5 Qf5 21. Nd2 Rfd8 22. Nc4 Qg6 23. Nxe5 Bxe5 24. Qxc5 Qd3 25. Rac1 a5 26. Bd4 Bxd4 27. cxd4 Qxd4 28. Qxd4 Rxd4 29. Rxc7 a4 30. Ra7 Rb8 31. Ree7 Rg8 32. bxa4 h5 33. a5 Rd2 34. Rf7 Rxa2 35. a6 Kh7 36. Rxf6 h4 37. Rf4 Rc8 38. Rxh4+ Kg8 39. Rg4 Kh8 40. h4 Rcc2 41. Rf7 Rxa6 42. Rfxg7 Ra1+ 43. Kh2 Rh1+ 44. Kxh1 Rc1+ 45. Kh2 Rh1+ 46. Kg3 Rh3+ 47. Kf4 Rf3+ 48. Ke5 Rf5+ 49. Kd4 Rd5+ 50. Ke3 Rd3+ 51. Kf4 Rf3+ 52. Ke4 Re3+ 53. Kf5 Re5+ 54. Kg6 Re6+ 55. Kh5 Rh6+ 56. Kg5 Rh5+ 57. Kf4 Rf5+ 58. Kg3 Rf3+ 59. Kh2 Rh3+ 60. Kg1 Rh1+ 61. Kxh1 1/2-1/2


[Site "https://www.chess.com"]

[Event "Titled Tuesday Blitz June 21 Late 2022"]
[White "Tsvetkov, Andrey"]
[Black "Semenenko, Dmytry"]
[WhiteFideId "34139360"]
[BlackFideId "14118645"]
[WhiteElo "2633"]
[BlackElo "2514"]
[Result "1-0"]
[Round "06"]
[TimeControl "180+1"]
[Date "2022.06.22"]
[WhiteClock "0:01:11"]
[BlackClock "0:01:38"]

1. d4 d5 2. c4 c6 3. Nf3 Nf6 4. g3 dxc4 5. Bg2 g6 6. O-O Bg7 7. a4 O-O 8. Na3 Ne4 9. Nxc4 Nd7 10. a5 Ndf6 11. a6 b5 12. Na5 Qb6 13. Ne5 Bxa6 14. Bxe4 Nxe4 15. Nd7 Qxd4 16. Qxd4 Bxd4 17. Nxf8 b4 18. Nxc6 Bxe2 19. Nxd4 Bxf1 20. Kxf1 Kxf8 21. Nc6 a5 22. Rxa5 Rc8 23. Bh6+ Ke8 24. Nxe7 Rc2 25. Re5 Nd6 26. Nf5+ Kd7 27. Nxd6 Kxd6 28. Rb5 Rxb2 29. Rxb4 Rc2 30. Rd4+ Ke6 31. Rd2 Rc1+ 32. Kg2 Rc4 33. Bf4 Kf6 34. h4 Ra4 35. Rd6+ Kg7 36. Kf3 Ra3+ 37. Ke4 Ra5 38. g4 h5 39. g5 Kf8 40. Be5 Ke7 41. Rd5 Ra4+ 42. Rd4 Ra2 43. Bf6+ Ke6 44. Kf3 Ra3+ 45. Kg2 Ra2 46. Re4+ Kf5 47. Re7 Kg4 48. Rxf7 Kxh4 49. Rg7 Kg4 50. Rxg6 h4 51. Rh6 Ra3 52. g6 h3+ 53. Kh2 Rf3 54. Bd4 Kg5 55. Rxh3 Rf5 56. g7 1-0


[Site "https://www.chess.com"]

[Event "Titled Tuesday Blitz June 21 Late 2022"]
[White "Vivas Zamora, Fabian Ernesto"]
[Black "Bayo Milagro, Alvaro"]
[WhiteFideId "3902480"]
[BlackFideId "22275240"]
[WhiteElo "2488"]
[BlackElo "2593"]
[Result "0-1"]
[Round "06"]
[TimeControl "180+1"]
[Date "2022.06.22"]
[WhiteClock "0:00:01"]
[BlackClock "0:00:14"]

1. c4 Nf6 2. Nc3 g6 3. e4 d6 4. d4 Bg7 5. g3 O-O 6. Nf3 Nc6 7. Bg2 Bg4 8. h3 Bxf3 9. Bxf3 Nd7 10. Be3 e5 11. d5 Nd4 12. Bg2 a5 13. O-O c5 14. dxc6 bxc6 15. Bxd4 exd4 16. Ne2 Qb6 17. b3 d3 18. Qxd3 Bxa1 19. Rxa1 Qc5 20. Rd1 Ne5 21. Qxd6 Qxd6 22. Rxd6 Rad8 23. c5 f6 24. f4 Rxd6 25. cxd6 Nf7 26. Nd4 Nxd6 27. Nxc6 Re8 28. e5 fxe5 29. fxe5 Nb5 30. Bd5+ Kg7 31. Bc4 Nc7 32. Kf2 Na8 33. e6 Nb6 34. e7 Nxc4 35. bxc4 Kf6 36. Ke3 Ke6 37. Kd4 Kd6 38. Nxa5 Rxe7 39. c5+ Kc7 40. Nc4 Re1 41. Ne3 Ra1 42. Nd5+ Kc6 43. Nf6 h5 44. Ng8 Rd1+ 45. Ke5 Kxc5 46. Kf6 Rd3 47. g4 h4 48. Kg5 Rxh3 49. Ne7 Rh1 50. Nxg6 h3 51. Ne5 Kd4 52. Nf3+ Ke3 53. Ne5 h2 54. Kh4 Rc1 55. Kg5 h1=Q 0-1


[Site "https://www.chess.com"]

[Event "Titled Tuesday Blitz June 21 Late 2022"]
[White "Vujic, Mihailo"]
[Black "Nilsson, Joakim"]
[WhiteFideId "918873"]
[BlackFideId "1723383"]
[WhiteElo "2256"]
[BlackElo "2210"]
[Result "1-0"]
[Round "06"]
[TimeControl "180+1"]
[Date "2022.06.22"]
[WhiteClock "0:00:33"]
[BlackClock "0:02:10"]

1. e4 c5 2. c3 d5 3. exd5 Qxd5 4. d4 Nc6 5. Nf3 Bg4 6. Nbd2 cxd4 7. Bc4 Qd8 8. Bxf7+ Kxf7 9. Ng5+ Kg6 10. Qxg4 Nf6 11. Qg3 Qd6 12. Qd3+ Kh5 13. g4+ Kxg4 14. Qh3+ Kxg5 15. Rg1+ Kf4 16. Nc4+ Ke4 17. Nxd6+ exd6 18. Rg5 dxc3 19. Qe3# 1-0


[Site "https://www.chess.com"]

[Event "Titled Tuesday Blitz June 21 Late 2022"]
[White "Wagner, Dennis"]
[Black "Tari, Aryan"]
[WhiteFideId "24650684"]
[BlackFideId "1510045"]
[WhiteElo "2355"]
[BlackElo "2567"]
[Result "0-1"]
[Round "06"]
[TimeControl "180+1"]
[Date "2022.06.21"]
[WhiteClock "0:00:11"]
[BlackClock "0:00:48"]

1. e4 c6 2. d4 d5 3. e5 Bf5 4. Nf3 e6 5. Be2 Ne7 6. c3 Ng6 7. O-O f6 8. Re1 Nd7 9. Bd3 Bxd3 10. Qxd3 fxe5 11. Nxe5 Ndxe5 12. dxe5 Bc5 13. Qh3 O-O 14. Be3 Qb6 15. Nd2 Bxe3 16. Qxe3 Qxb2 17. Reb1 Qc2 18. Rxb7 Rfb8 19. Rxb8+ Rxb8 20. Qxa7 Rb2 21. Nf1 Qxc3 22. a4 d4 23. a5 Rb5 24. Qa8+ Nf8 25. Ra4 Rb1 26. Qa6 d3 27. Rf4 Rxf1+ 0-1


[Site "https://www.chess.com"]

[Event "Titled Tuesday Blitz June 21 Late 2022"]
[White "Wagner, Dinara"]
[Black "Alexiadis, Hristos"]
[WhiteFideId "24157570"]
[BlackFideId "4249623"]
[WhiteElo "2216"]
[BlackElo "2416"]
[Result "1-0"]
[Round "06"]
[TimeControl "180+1"]
[Date "2022.06.21"]
[WhiteClock "0:02:07"]
[BlackClock "0:02:54"]

1. d4 Nf6 2. c4 e6 3. Nf3 b6 4. a3 Bb7 5. Nc3 c5 6. d5 exd5 7. cxd5 d6 8. e4 g6 9. Bd3 Bg7 10. O-O O-O 11. h3 a6 12. a4 Nbd7 13. Bf4 Qc7 14. Re1 Rfe8 15. Bh2 c4 16. Bc2 Rab8 17. Nd4 Qc5 18. Qd2 Ne5 19. Rad1 Bc8 20. Nc6 Nxc6 21. dxc6 Qxc6 22. Bxd6 Rb7 23. e5 Nd7 24. Be4 1-0


[Site "https://www.chess.com"]

[Event "Titled Tuesday Blitz June 21 Late 2022"]
[White "Wartiovaara, Oliver"]
[Black "Carbone, Diego"]
[WhiteFideId "513024"]
[BlackFideId "3002179"]
[WhiteElo "1971"]
[BlackElo "2199"]
[Result "0-1"]
[Round "06"]
[TimeControl "180+1"]
[Date "2022.06.22"]
[WhiteClock "0:00:51"]
[BlackClock "0:02:26"]

1. e4 e5 2. f4 Nc6 3. Nf3 d6 4. Bb5 exf4 5. d4 g5 6. d5 a6 7. Ba4 b5 8. dxc6 bxa4 9. Qd4 Qf6 10. Qxf6 Nxf6 11. Nc3 a3 12. bxa3 Bg7 13. Rb1 h6 14. Nd5 Nxd5 15. exd5 O-O 16. Bb2 Rb8 0-1


[Site "https://www.chess.com"]

[Event "Titled Tuesday Blitz June 21 Late 2022"]
[White "Weisz, Bryan"]
[Black "Bjelobrk, Igor"]
[WhiteFideId "30934133"]
[BlackFideId "4300726"]
[WhiteElo "2265"]
[BlackElo "2335"]
[Result "0-1"]
[Round "06"]
[TimeControl "180+1"]
[Date "2022.06.22"]
[WhiteClock "0:01:55"]
[BlackClock "0:01:46"]

1. Nc3 Nf6 2. e4 e5 3. Nf3 Nc6 4. d4 exd4 5. Nd5 Be7 6. Nxd4 O-O 7. Nb5 Nxd5 8. exd5 Ne5 9. d6 cxd6 10. Nxd6 Bxd6 11. Qxd6 Re8 12. Be2 b6 13. O-O Bb7 14. Bb5 Re6 15. Qd4 Rg6 16. f3 Nxf3+ 17. Rxf3 Bxf3 18. g3 Bc6 19. Bd3 Re6 20. Bf4 Qe7 21. Rd1 Re1+ 22. Bf1 Rxd1 23. Qxd1 Qc5+ 0-1


[Site "https://www.chess.com"]

[Event "Titled Tuesday Blitz June 21 Late 2022"]
[White "Xiong, Jeffery"]
[Black "Shimanov, Aleksandr"]
[WhiteFideId "2047640"]
[BlackFideId "4198603"]
[WhiteElo "2714"]
[BlackElo "2605"]
[Result "0-1"]
[Round "06"]
[TimeControl "180+1"]
[Date "2022.06.21"]
[WhiteClock "0:00:27"]
[BlackClock "0:00:17"]

1. e4 c6 2. c4 d5 3. exd5 cxd5 4. d4 Nf6 5. Nc3 Nc6 6. Nf3 Bg4 7. cxd5 Nxd5 8. Qb3 Bxf3 9. gxf3 e6 10. Qxb7 Nxd4 11. Bb5+ Nxb5 12. Qc6+ Ke7 13. Qxb5 Qd7 14. Nxd5+ Qxd5 15. Bg5+ f6 16. Qxd5 exd5 17. Be3 Ke6 18. O-O-O Bb4 19. a3 Rhc8+ 20. Kb1 Bc5 21. Rhe1 Bxe3 22. Rxe3+ Kd6 23. Red3 Rc5 24. Rd4 a5 25. h4 Rb8 26. h5 Rb3 27. R1d3 Rxd3 28. Rxd3 Rc4 29. Rb3 Kc6 30. Rb8 Rh4 31. Rg8 Rxh5 32. Rxg7 Rf5 33. Rxh7 Rxf3 34. Rh2 Kc5 35. Kc2 a4 36. Rh4 Rxf2+ 37. Kd3 d4 38. Rh5+ f5 39. Rh8 Rf3+ 40. Kc2 Rf2+ 41. Kd3 Rxb2 42. Rc8+ Kd5 43. Rd8+ Ke5 44. Rd5+ Kf6 45. Rd6+ Kg5 46. Rxd4 Rb3+ 47. Kc2 Rxa3 48. Kb2 Rb3+ 49. Kc2 Ra3 50. Kb2 Re3 51. Rxa4 f4 52. Kc2 f3 0-1


[Site "https://www.chess.com"]

[Event "Titled Tuesday Blitz June 21 Late 2022"]
[White "Yuan, Qingyu"]
[Black "Lamaze, Simon"]
[WhiteFideId "8609772"]
[BlackFideId "36069264"]
[WhiteElo "2359"]
[BlackElo "2090"]
[Result "1-0"]
[Round "06"]
[TimeControl "180+1"]
[Date "2022.06.21"]
[WhiteClock "0:00:16"]
[BlackClock "0:00:21"]

1. e4 c5 2. Nf3 Nc6 3. Bc4 g6 4. O-O Bg7 5. c3 e6 6. d4 cxd4 7. Nxd4 Nge7 8. Bb3 O-O 9. Be3 d5 10. exd5 exd5 11. h3 a6 12. Re1 Bd7 13. Nd2 Re8 14. N2f3 Na5 15. Bg5 Bc6 16. Qd2 Qd7 17. Ne5 Qd6 18. Bf4 Qd8 19. Re2 Rc8 20. Rae1 Nxb3 21. axb3 Bd7 22. Bg3 Nc6 23. Ndf3 Na5 24. Qxd5 Be6 25. Qxd8 Rexd8 26. b4 Nc4 27. Nd4 Bd5 28. Nef3 b6 29. Bh4 Rd7 30. Re8+ Rxe8 31. Rxe8+ Bf8 32. Bf6 Nd6 33. Rb8 Rb7 34. Rd8 h6 35. Ne5 g5 36. Nd7 Rxd7 37. Rxd7 Kh7 38. Be5 1-0


[Site "https://www.chess.com"]

[Event "Titled Tuesday Blitz June 21 Late 2022"]
[White "Yurovskykh, Oleksandr"]
[Black "Mei, Austin"]
[WhiteFideId "14134020"]
[BlackFideId "30948479"]
[WhiteElo "2292"]
[BlackElo "1936"]
[Result "1-0"]
[Round "06"]
[TimeControl "180+1"]
[Date "2022.06.22"]
[WhiteClock "0:00:17"]
[BlackClock "0:00:19"]

1. d4 Nf6 2. c4 e5 3. dxe5 Ng4 4. Bf4 g5 5. Bg3 Bg7 6. Nf3 Nc6 7. h4 Ngxe5 8. Nxe5 Nxe5 9. e3 d6 10. Nc3 Bf5 11. hxg5 Qxg5 12. Qd2 Qg6 13. Nd5 Rc8 14. Nf4 Qf6 15. Nh5 Qg6 16. Nxg7+ Qxg7 17. O-O-O h5 18. Qa5 b6 19. Bxe5 Qxe5 20. Qxe5+ dxe5 21. g3 Be4 22. Rh4 Bf3 23. Rd2 Ke7 24. Be2 Bxe2 25. Rxe2 Rcd8 26. Rd2 Rxd2 27. Kxd2 Kf6 28. Ke2 Kg5 29. c5 Rd8 30. Ra4 a5 31. cxb6 cxb6 32. Rc4 Rd6 33. Rc7 f6 34. Rc8 Kf5 35. Rh8 Kg6 36. e4 Rd4 37. Ke3 Ra4 38. a3 Rc4 39. Rb8 Rc6 40. f4 Kg7 41. f5 Rd6 42. Rb7+ Kh6 43. Rf7 Rc6 44. Rf8 Kg7 45. Rb8 Rd6 46. Ke2 Kh6 47. Rg8 Kh7 48. Rg6 Rc6 49. b4 axb4 50. axb4 b5 51. Kf3 Rc3+ 52. Kg2 Rc4 53. Kf3 Rc3+ 54. Kg2 Rc4 55. Rxf6 Rxe4 56. Re6 Rxb4 57. Rxe5 Kg7 58. Re6 Rb2+ 59. Kh3 b4 60. Kh4 b3 61. Rb6 Rh2+ 62. Kg5 b2 63. Rb7+ Kg8 64. Kg6 Kf8 65. f6 Ke8 66. f7+ Kf8 67. Rb8+ Ke7 68. f8=Q+ Kd7 69. Qd8+ Ke6 70. Rb6+ Ke5 71. Qd6+ Ke4 72. Rb4+ Kf3 73. Qf4+ Kg2 74. Rxb2+ Kh3 75. Rxh2+ Kxh2 76. Qh4+ Kg2 77. Kxh5 Kf3 78. g4 Kg2 79. g5 Kf3 80. g6 Ke2 81. Qg3 Kf1 82. Qh2 Ke1 83. g7 Kf1 84. g8=Q Ke1 85. Qgg1# 1-0


[Site "https://www.chess.com"]

[Event "Titled Tuesday Blitz June 21 Late 2022"]
[White "Zakarian, David"]
[Black "Svicevic, Rastko"]
[WhiteFideId "13301276"]
[BlackFideId "916315"]
[WhiteElo "2449"]
[BlackElo "2049"]
[Result "0-1"]
[Round "06"]
[TimeControl "180+1"]
[Date "2022.06.22"]
[WhiteClock "0:00:03"]
[BlackClock "0:00:27"]

1. d4 d5 2. c4 e6 3. Nc3 f5 4. Bf4 c6 5. e3 Nf6 6. Nf3 Be7 7. Ne5 Nbd7 8. cxd5 exd5 9. Bd3 Ne4 10. O-O Nxe5 11. Bxe5 Bf6 12. Bxf6 Qxf6 13. Ne2 O-O 14. Qb3 Nd2 15. Qc2 Nxf1 16. Rxf1 Bd7 17. b4 a5 18. a3 axb4 19. axb4 Qd6 20. Qb3 b5 21. Rb1 Ra7 22. Nf4 Rfa8 23. Bf1 Ra3 24. Qb2 Ra2 25. Qc1 R8a4 26. Nd3 Be8 27. g3 h6 28. Bh3 g6 29. Bg2 Kg7 30. Qe1 Qe7 31. Ne5 Rc2 32. Bf1 Raa2 33. Bd3 Rcb2 34. Kg2 Rxb1 35. Qxb1 Ra4 36. Bc2 Qxb4 37. Qd1 Ra2 38. Bd3 Qd2 39. Qf1 b4 40. h4 b3 41. h5 b2 0-1


[Site "https://www.chess.com"]

[Event "Titled Tuesday Blitz June 21 Late 2022"]
[White "Adewumi, Tanitoluwa"]
[Black "Yuan, Qingyu"]
[WhiteFideId "30966396"]
[BlackFideId "8609772"]
[WhiteElo "2549"]
[BlackElo "2359"]
[Result "0-1"]
[Round "07"]
[TimeControl "180+1"]
[Date "2022.06.21"]
[WhiteClock "0:00:05"]
[BlackClock "0:01:23"]

1. e4 c6 2. d4 d5 3. exd5 cxd5 4. Bd3 Nc6 5. c3 Nf6 6. Bf4 Bg4 7. Qb3 Qd7 8. Nd2 e6 9. Ngf3 Bd6 10. Bxd6 Qxd6 11. O-O O-O 12. Rfe1 Bxf3 13. Nxf3 Qc7 14. Ne5 Nxe5 15. dxe5 Nd7 16. Qd1 Nxe5 17. Bxh7+ Kxh7 18. Qh5+ Kg8 19. Rxe5 g6 20. Qg5 Kg7 21. Qg3 Rad8 22. Rae1 d4 23. cxd4 Rxd4 24. h4 Rh8 25. h5 Rxh5 26. Rxh5 Qxg3 27. fxg3 gxh5 28. Re5 Rd1+ 29. Kh2 a6 30. b3 Kg6 31. Rc5 Rd2 32. Rc7 b5 33. a4 bxa4 34. bxa4 Rd4 35. a5 Rd5 36. Rc8 Kg7 37. Rg8+ Kxg8 0-1


[Site "https://www.chess.com"]

[Event "Titled Tuesday Blitz June 21 Late 2022"]
[White "Adla, Diego"]
[Black "Koc, Przemyslaw"]
[WhiteFideId "100072"]
[BlackFideId "1109081"]
[WhiteElo "2377"]
[BlackElo "2134"]
[Result "0-1"]
[Round "07"]
[TimeControl "180+1"]
[Date "2022.06.22"]
[WhiteClock "0:00:04"]
[BlackClock "0:00:46"]

1. e4 e5 2. Nf3 Nf6 3. Nxe5 Nxe4 4. Qe2 Qe7 5. Qxe4 d6 6. d4 dxe5 7. dxe5 Nc6 8. Bb5 Bd7 9. O-O a6 10. Bxc6 Bxc6 11. Qe2 O-O-O 12. Nc3 g5 13. Re1 h5 14. Rb1 h4 15. Qg4+ Kb8 16. Bxg5 Qe8 17. Bxd8 Qxd8 18. Rbd1 Qe8 19. Nd5 Bc5 20. Nf6 Qe7 21. Nd7+ Ka8 22. Qg7 Re8 23. Nf6 Bxf2+ 24. Kxf2 Qc5+ 25. Re3 Rxe5 26. Re1 Rg5 27. Qh8+ Ka7 28. g3 hxg3+ 29. hxg3 Qxc2+ 30. R1e2 Qf5+ 31. Kg1 Rg6 32. Qh4 Rxf6 33. Qd4+ b6 0-1


[Site "https://www.chess.com"]

[Event "Titled Tuesday Blitz June 21 Late 2022"]
[White "Aksu, Vedat Ali"]
[Black "Estrada Nieto, Julian"]
[WhiteFideId "6304320"]
[BlackFideId "5101018"]
[WhiteElo "2303"]
[BlackElo "2252"]
[Result "0-1"]
[Round "07"]
[TimeControl "180+1"]
[Date "2022.06.22"]
[WhiteClock "0:00:12"]
[BlackClock "0:00:07"]

1. Nf3 d5 2. e3 Bg4 3. c4 c6 4. Qc2 Bxf3 5. gxf3 e6 6. b3 Nf6 7. Bb2 g6 8. Nc3 Bg7 9. Be2 O-O 10. f4 Nbd7 11. h4 Qc7 12. h5 d4 13. Nd1 c5 14. hxg6 hxg6 15. f3 e5 16. fxe5 Qxe5 17. f4 Qe4 18. Qxe4 Nxe4 19. Bf3 Rfe8 20. Rb1 Rad8 21. Nf2 Nxd2 22. Kxd2 dxe3+ 23. Ke2 exf2+ 24. Kxf2 Bxb2 25. Rxb2 Nf6 26. Bxb7 Rd4 27. Kf3 Nh5 28. Rh4 Re1 29. Rg2 Rf1+ 30. Ke2 Rfd1 31. Rgg4 R1d2+ 32. Ke1 Nf6 33. Rg5 Rd1+ 34. Ke2 R1d2+ 35. Ke1 Rxa2 36. Rxc5 Rdd2 37. Rc7 Rdb2 38. Rc8+ Kg7 39. Rd8 Rxb3 40. f5 Rxb7 41. fxg6 Re7+ 42. Kd1 fxg6 43. Rd6 Rf2 44. Rh3 Ree2 45. Rg3 Rg2 46. Ra3 Ref2 47. Rxa7+ Kh6 48. Ke1 Rc2 49. Raa6 Rg1# 0-1


[Site "https://www.chess.com"]

[Event "Titled Tuesday Blitz June 21 Late 2022"]
[White "Al-Tarboush, Ward"]
[Black "Murzin, Volodar"]
[WhiteFideId "7601450"]
[BlackFideId "44155573"]
[WhiteElo "2249"]
[BlackElo "2585"]
[Result "0-1"]
[Round "07"]
[TimeControl "180+1"]
[Date "2022.06.21"]
[WhiteClock "0:00:03"]
[BlackClock "0:00:48"]

1. e4 c5 2. Nf3 d6 3. d4 cxd4 4. Nxd4 Nf6 5. Nc3 a6 6. h3 b5 7. a4 b4 8. Nd5 e6 9. Nxf6+ Qxf6 10. Be2 Bb7 11. Qd3 Nd7 12. f3 Qh4+ 13. Kf1 d5 14. exd5 Bxd5 15. c4 Ne5 16. Qc2 Rc8 17. Be3 Nxc4 18. Bxc4 Rxc4 19. Qd2 Bc5 20. Nf5 Qf6 21. Bxc5 Qxf5 22. Bxb4 Rc2 23. Qe3 Rxb2 24. Bc3 Rb3 25. Qd4 f6 26. Bb4 Qc2 27. Qc5 Qc4+ 28. Kg1 Rxb4 0-1


[Site "https://www.chess.com"]

[Event "Titled Tuesday Blitz June 21 Late 2022"]
[White "Ambartsumova, Karina"]
[Black "Abarca Gonzalez, Nicolas"]
[WhiteFideId "4166299"]
[BlackFideId "3409422"]
[WhiteElo "2262"]
[BlackElo "2504"]
[Result "0-1"]
[Round "07"]
[TimeControl "180+1"]
[Date "2022.06.21"]
[WhiteClock "0:00:04"]
[BlackClock "0:00:11"]

1. Nf3 Nf6 2. g3 g6 3. Bg2 Bg7 4. d4 O-O 5. O-O d6 6. b3 a5 7. a4 Bf5 8. Bb2 Nc6 9. Na3 Nb4 10. Re1 Be4 11. c3 Nc6 12. Nb5 Qd7 13. Bf1 Na7 14. Nxa7 Rxa7 15. Nd2 d5 16. f3 Bf5 17. e4 dxe4 18. fxe4 Bg4 19. Qc2 e5 20. Bg2 exd4 21. cxd4 Nh5 22. d5 Bxb2 23. Qxb2 c6 24. Nc4 Bh3 25. Qd4 Ra6 26. Ne5 Qc8 27. d6 c5 28. Qd3 Rd8 29. Nc4 Bxg2 30. Kxg2 Ng7 31. e5 Nf5 32. Rad1 Nd4 33. Rf1 Qc6+ 34. Kg1 Rd7 35. Rde1 Ra8 36. Qe4 Qxe4 37. Rxe4 Re8 38. Re3 Kg7 39. Nb6 Rxd6 40. exd6 Rxe3 41. d7 Ne6 42. Rd1 Rxb3 43. Nc4 Rb4 44. Nxa5 Nd8 45. Re1 Rxa4 46. Re8 Rxa5 47. Rxd8 Ra1+ 48. Kg2 Rd1 49. Rc8 Rxd7 50. Rxc5 b6 51. Rb5 Rb7 52. Kf3 Kf6 53. Kf4 h6 54. h4 Ke6 55. g4 f6 56. g5 hxg5+ 57. hxg5 f5 58. Kf3 Kd6 59. Kf4 Kc6 60. Re5 Rd7 61. Re8 Kd5 62. Rb8 Rd6 63. Rb7 Kc5 64. Ke5 Rc6 65. Rb8 b5 66. Rd8 b4 67. Rd1 Kc4 68. Rc1+ Kb5 69. Rb1 Rb6 70. Kd5 Ra6 71. Kd4 Rc6 72. Kd5 Rc4 73. Rb3 Rg4 74. Ke6 Rxg5 75. Re3 Rg1 76. Rg3 Rxg3 0-1


[Site "https://www.chess.com"]

[Event "Titled Tuesday Blitz June 21 Late 2022"]
[White "Araujo Filho, Luiz Antonio Coel"]
[Black "Winkels, Marcel"]
[WhiteFideId "2130661"]
[BlackFideId "1003887"]
[WhiteElo "2182"]
[BlackElo "1900"]
[Result "0-1"]
[Round "07"]
[TimeControl "180+1"]
[Date "2022.06.22"]
[WhiteClock "0:01:19"]
[BlackClock "0:01:36"]

1. d4 Nf6 2. Nf3 g6 3. c4 Bg7 4. Nc3 d5 5. cxd5 Nxd5 6. Nxd5 Qxd5 7. e3 c5 8. dxc5 Qxd1+ 9. Kxd1 Nd7 10. Bb5 O-O 11. Be2 Nxc5 12. Ke1 Bf5 13. Kf1 Rfd8 14. h3 h5 15. g3 Be4 16. Kg2 g5 17. g4 hxg4 18. hxg4 Na4 19. Kg3 Bf6 20. Rh5 Bg6 21. Rh1 Rac8 22. Ne1 Nxb2 23. Bxb2 Bxb2 24. Rd1 Rxd1 25. Bxd1 Rc1 26. Bf3 Bc3 27. Nd3 Rxh1 0-1


[Site "https://www.chess.com"]